 Dungeon Crawl Stone Soup version 0.17-a0-2108-g65e8068 (webtiles) character file.

490565 Adamkad1 the Hoplite (level 26, -7/240 HPs)
             Began as a Formicid Fighter on Oct 11, 2015.
             Was the Champion of the Shining One.
             Mangled by an azure jelly (10 damage)
             ... created by the royal jelly
             ... on level 5 of the Pits of Slime on Oct 19, 2015.
             The game lasted 06:56:39 (74310 turns).

Adamkad1 the Hoplite (Formicid Fighter)            Turns: 74310, Time: 06:56:39

Health: -7/240     AC: 17    Str: 36    XL:     26   Next: 29%
Magic:  26/26      EV:  9    Int:  8    God:    the Shining One [******]
Gold:   1489       SH: 32    Dex:  8    Spells: 0 memorised, 25 levels left

rFire  + + .     SeeInvis +     n - +6 executioner's axe (holy)
rCold  + + .     Clarity  .     f - +2 gold dragon armour
rNeg   + + +     SustAt   .     q - +3 large shield
rPois  +         Gourm    .     (helmet unavailable)
rElec  +         Spirit   .     l - +2 cloak {MR+}
rCorr  +         Warding  .     I - +1 pair of gloves of the Morning {rF++ rN+}
rMut   .         Stasis   +     Y - +2 pair of boots of Okawaru's Delight {rF- MR+ Str+5}
MR     ++++.                    j - amulet "Kouhim" {rCorr rElec}
Stlth  ..........               Z - +3 ring of slaying
                                M - ring of protection from cold

@: corroded equipment, glowing, incredibly resistant to hostile enchantments,
extremely unstealthy
A: permanent stasis, dig shafts and tunnels, four strong arms, antennae 3, beak,
claws 1, large bone plates 1, deformed body, dopey 2, low mp 1, robust 1, slow
regeneration 2, subdued magic 2, MP-powered wands
a: Dig, Shaft Self, Divine Shield, Cleansing Flame, Summon Divine Warrior,
Renounce Religion
}: 2/15 runes: decaying, serpentine


You were on level 5 of the Pits of Slime.
You worshipped the Shining One.
The Shining One was exalted by your worship.
You were very hungry.

You visited 11 branches of the dungeon, and saw 53 of its levels.
You visited the Abyss 1 time.
You also visited: Labyrinth and Sewer.

You collected 5218 gold pieces.
You spent 3303 gold pieces at shops.
You donated 123 gold pieces to Zin.

Inventory:

Hand Weapons
 n - a +6 executioner's axe of holy wrath (weapon)
 r - a +1 executioner's axe of holy wrath
 u - a +7 vampiric broad axe
Armour
 f - a +2 gold dragon armour (worn)
 l - a +2 cloak of magic resistance (worn)
 q - a +3 large shield (worn)
 I - the +1 pair of gloves of the Morning (worn) {rF++ rN+}
   (You acquired it on level 5 of the Lair of Beasts)

   It greatly protects you from fire.
   It protects you from negative energy.
 V - a +5 plate armour of cold resistance
 Y - the +2 pair of boots of Okawaru's Delight (worn) {rF- MR+ Str+5}
   (Okawaru gifted it to you on level 13 of the Dungeon)

   It affects your strength (+5).
   It makes you vulnerable to fire.
   It affects your resistance to hostile enchantments.
Jewellery
 c - an uncursed ring of sustain attributes
 j - the amulet "Kouhim" (around neck) {rCorr rElec}
   (You found it on level 2 of the Crypt)

   [amulet of resist corrosion]

   It protects you from acid and corrosion.
   It insulates you from electricity.
 m - the ring "Riures" {Fire rElec Int+3}
   (You bought it in a shop on level 4 of the Orcish Mines)

   [ring of fire]

   It enhances your fire magic, and weakens your ice magic.
   It affects your intelligence (+3).
   It protects you from fire.
   It makes you vulnerable to cold.
   It insulates you from electricity.
 o - an uncursed amulet of resist mutation
 t - an uncursed ring of poison resistance
 y - an uncursed ring of ice
 E - an uncursed ring of protection from fire
 H - an uncursed ring of stealth
 K - an uncursed amulet of guardian spirit
 M - a ring of protection from cold (left hand)
 P - an uncursed ring of protection from magic
 S - an uncursed ring of flight
 Z - a +3 ring of slaying (right hand)
Wands
 b - a wand of invisibility (4)
 s - a wand of polymorph (7)
 z - a wand of cold (10)
 B - a wand of enslavement (18)
 D - a wand of heal wounds (0)
 L - a wand of cold (7)
 N - a wand of fireball (8)
 Q - a wand of lightning (0)
 R - a wand of teleportation (3)
 T - a wand of frost (25)
 W - a wand of slowing (26)
Scrolls
 e - 3 scrolls of identify
 g - 12 scrolls of remove curse
 i - 2 scrolls of magic mapping
 x - a scroll of silence
 G - 9 scrolls of fog
 J - a scroll of holy word
Potions
 d - 3 potions of might
 h - a potion of brilliance
 k - 7 potions of curing
 O - 5 potions of flight
Miscellaneous
 a - an ornate deck of summoning {drawn: 5}
 p - an ornate deck of defence {drawn: 3}
 v - a sack of spiders
 C - a plain deck of changes
Comestibles
 w - 9 royal jellies
 A - 5 bread rations
 F - 21 meat rations


   Skills:
 + Level 20.5 Fighting
   Level 0.8 Long Blades
 + Level 23.6 Axes
 + Level 16.8 Armour
 + Level 6.5 Dodging
 + Level 10.2 Stealth
 + Level 24.7 Shields
 * Level 8.5 Invocations
 + Level 1.4 Evocations


You had 25 spell levels left.
You didn't know any spells.

Dungeon Overview and Level Annotations

Branches:
Dungeon (15/15)            Temple (1/1) D:5            Lair (8/8) D:8
  Swamp (4/4) Lair:4        Snake (4/4) Lair:4        Slime (6/6) Lair:7
    Orc (4/4) D:10            Elf (2/3) Orc:4        Vaults (5/5) D:14
  Crypt (3/3) Vaults:3       Tomb (1/3) Crypt:3      Depths (0/5) D:15

Altars:
Ashenzari
Cheibriados
Dithmenos
Elyvilon
Fedhas
Gozag
Kikubaaqudgha
Makhleb
Nemelex Xobeh
Okawaru
Qazlal
Ru
Sif Muna
Trog
Vehumet
Xom
Yredelemnul
Zin
The Shining One
Beogh
Jiyva

Shops:
D:13 :   Orc:4 =}??   Elf:1 *   Elf:2 (   Snake:2 =!?   Snake:4 }   Vaults:4 [

Annotations:
Slime:6 Royal Jelly


Innate Abilities, Weirdness & Mutations

You are under a permanent stasis effect.
You can dig through walls and to a lower floor.
Your four strong arms can wield two-handed weapons with a shield.
You have a pair of large antennae on your head (SInv).
You have a beak for a mouth.
You have sharp fingernails.
You are partially covered in large bone plates (AC +2, SH +2).
Armour fits poorly on your strangely shaped body.
You are very dopey. (Int -4)
Your magical capacity is low (-10% MP).
You are robust (+10% HP).
You do not regenerate naturally when monsters are visible.
Your spells are easier to cast, but less powerful.
You expend magic power (3 MP) to strengthen your wands.


Message History

The azure jelly hits you but does no damage.
Unknown command.
Drink which item? (? for menu, Esc to quit)
You feel better. The azure jelly hits you.
* * * LOW HITPOINT WARNING * * *
The azure jelly freezes you! You resist.
* * * LOW HITPOINT WARNING * * *
You block the azure jelly's attack. x3
The acid blob spits acid at you. The splash of acid hits you!
The acid burns!
You resist.
* * * LOW HITPOINT WARNING * * *
The azure jelly barely misses you.
The azure jelly hits you but does no damage. x2
The azure jelly hits you.
* * * LOW HITPOINT WARNING * * *
The azure jelly hits you but does no damage. x3
You block the azure jelly's attack. The azure jelly hits you.
* * * LOW HITPOINT WARNING * * *
The azure jelly freezes you! You resist.
You die...

... #..#.#.....# ##
#..###...........##
##.####..##.............#
#....#.......# #..<.#.##
##...........# ##...#..##
#...........#####........#
#...................#..##
##........J........#.###
#...<...J@J.^.....#...#
##.......JJ...........# ##
##......<.......#......#
##.##.....................##
##.#.......................###
#.........................##
##.##....................#.#
#..##...................#
......##.................##


You could see an acid blob and 4 azure jellies.

Vanquished Creatures
  Khufu (Crypt:2)
  2 ancient liches
  2 greater mummies (Crypt:2)
  Norris (Snake:4)
  Saint Roka (Vaults:2)
  2 golden dragons (Vaults:4)
  Xtahua (Vaults:4)
  A bone dragon (Crypt:3)
  3 liches
  9 titans
  7 deep elf blademasters
  8 deep elf master archers
  9 sphinxes
  Gastronok (Lair:1)
  9 acid blobs
  Kirke (D:15)
  A storm dragon (Vaults:3)
  A tengu reaver (Vaults:3)
  4 ancient champions
  4 thorn hunters
  2 shadow dragons
  15 greater nagas
  4 revenants
  3 azure jellies
  Wiglaf (Crypt:1)
  17 fire giants
  12 frost giants
  5 deep elf sorcerers
  An iron dragon (Vaults:4)
  Aizul (Snake:1)
  7 vault wardens
  4 very ugly things
  An orc warlord (Vaults:1)
  3 ghouls
  16 stone giants
  14 ironheart preservers
  7 deep elf demonologists
  2 green draconians (Vaults:1)
  A salamander stormcaller (Vaults:3)
  2 black draconians (Vaults:1)
  4 war gargoyles (Crypt:3)
  5 white draconians
  8 vampire knights
  3 purple draconians
  3 deep elf annihilators
  6 dire elephants (Lair:8)
  4 mottled draconians
  6 eidola
  A yellow draconian (Crypt:3)
  A minotaur (Lab)
  4 ettins
  7 deep elf death magi
  Snorg (Lair:7)
  5 death oozes
  3 crystal guardians (Crypt:3)
  2 deep elf high priests
  Josephine (D:13)
  7 jiangshi
  16 yaktaur captains
  3 great orbs of eyes
  A fire dragon (Vaults:3)
  25 hydras
  14 naga warriors
  The ghost of Adamkad1 the Basher, a novice OgBe of Trog (D:9)
  32 vault guards
  Harold (Lair:4)
  4 death knights
  17 ogre magi
  5 ice dragons
  The ghost of aves the Cleaver, a journeyman VSFi of Qazlal (Lair:3)
  4 ghost crabs
  Erica (Orc:1)
  23 dancing weapons
  17 anacondas
  5 alligators
  2 deep troll earth magi
  5 death yaks
  A deep troll shaman (Vaults:3)
  2 vampire magi (Crypt:1)
  14 centaur warriors
  4 orc high priests
  8 naga sharpshooters
  3 shock serpents
  2 titan zombies (Crypt:3)
  6 hell knights (Crypt:3)
  Sonja (D:13)
  A storm dragon zombie (Crypt:3)
  19 deep elf knights
  2 salamander mystics (Snake:4)
  A fire crab (Vaults:1)
  A golden dragon zombie (Crypt:3)
  41 skeletal warriors
  5 unseen horrors
  2 shadow wraiths
  12 sea snakes
  7 naga ritualists
  8 deep trolls
  6 flayed ghosts
  2 anubis guards (Tomb:1)
  A spriggan druid (Swamp:3)
  4 death scarabs (Tomb:1)
  11 mana vipers
  9 hill giants
  13 deep elf summoners
  A shambling mangrove (Swamp:3)
  4 phantasmal warriors
  6 swamp dragons
  14 deep elf conjurers
  12 ironbrand convokers
  19 orc knights
  A mana viper (shapeshifter) (Vaults:2)
  2 anaconda skeletons (Crypt:3)
  4 harpies (Vaults:2)
  2 giant orange brains
  An iron dragon zombie (Crypt:2)
  9 necromancers
  6 griffons
  4 wolf spiders
  A wizard (Elf:1)
  2 frost giant zombies
  A sphinx skeleton (Crypt:2)
  A shadow dragon skeleton (Crypt:3)
  3 manticores
  A stone giant zombie (Crypt:3)
  13 elephants
  7 shining eyes
  7 cyclopes
  9 orc sorcerers
  18 ugly things
  9 salamanders
  A manticore (shapeshifter) (D:12)
  A hornet (shapeshifter) (Vaults:4)
  6 hornets
  2 oklob plants
  A stone giant skeleton (Crypt:3)
  An octopode (shapeshifter) (Vaults:1)
  31 black mambas
  25 spiny frogs
  8 vault sentinels
  An apocalypse crab (Abyss:2)
  16 guardian serpents
  2 eyes of devastation
  2 guardian serpents (shapeshifter) (Vaults:4)
  17 naga magi
  2 gargoyles
  2 torpor snails
  3 kobold demonologists
  A salamander skeleton (Vaults:4)
  8 komodo dragons
  2 yaktaur zombies (Vaults:4)
  36 yaktaurs
  A demonic crawler (Abyss:2)
  A human skeleton (Vaults:4)
  A polar bear (shapeshifter) (D:14)
  6 fire drakes
  A harpy zombie (Crypt:3)
  A hydra zombie (Crypt:3)
  A green draconian skeleton (Crypt:2)
  3 guardian mummies (Tomb:1)
  12 freezing wraiths
  A polar bear (Lair:7)
  14 deep elf priests
  12 trolls
  A merfolk (shapeshifter) (Elf:2)
  An ancient zyme (Abyss:1)
  A queen bee (Lair:7)
  A merfolk (Vaults:4)
  24 two-headed ogres
  45 slime creatures
  Prince Ribbit (D:8)
  A two-headed ogre (shapeshifter) (D:12)
  17 blink frogs
  2 giant leeches (Swamp:3)
  4 bog bodies
  A fire giant simulacrum (Vaults:2)
  A hydra skeleton (Crypt:1)
  A trapdoor spider (shapeshifter) (Vaults:4)
  3 raiju (Abyss:1)
  A trapdoor spider zombie (D:15)
  3 ushabtiu (Tomb:1)
  A human simulacrum (Vaults:1)
  11 boulder beetles
  8 shadows
  A centaur simulacrum (D:14)
  15 wraiths
  31 flying skulls (Crypt:3)
  3 vampires
  3 spriggans (Swamp:1)
  An ice dragon skeleton (Crypt:1)
  Sigmund (D:4)
  An ettin skeleton (Vaults:4)
  A redback (Vaults:4)
  42 yaks
  A salamander simulacrum (Vaults:1)
  4 mottled dragons
  37 deep elf magi
  2 wyverns
  A hog (shapeshifter) (Vaults:3)
  3 hungry ghosts
  31 vampire mosquitoes
  5 basilisks
  9 hippogriffs
  2 hogs (D:15)
  A large abomination (Abyss:1)
  26 wolves
  45 deep elf fighters
  4 swamp worm simulacra (Swamp:4)
  Menkaure (D:5)
  A golden eye (shapeshifter) (Vaults:2)
  8 insubstantial wisps
  6 wargs
  Edmund (D:4)
  A redback simulacrum (D:15)
  14 water moccasins
  A soldier ant (D:11)
  3 porcupines
  36 nagas
  17 swamp worms
  Duvessa (D:4)
  36 orc warriors
  A snapping turtle zombie (Crypt:3)
  10 swamp drakes
  12 hydra simulacra (Swamp:4)
  A lindwurm zombie (Crypt:1)
  5 sky beasts
  A black bear (D:9)
  5 eyes of draining
  6 wasps
  2 ice beasts
  5 necrophages
  A phantom (D:7)
  12 boggarts
  65 ogres
  A swamp dragon skeleton (Crypt:3)
  A brain worm (D:11)
  A dryad zombie (Crypt:2)
  20 crocodiles
  The ghost of Gaunah the Magician, an amateur DEWz (D:3)
  Blork the orc (D:4)
  31 centaurs
  24 giant frogs
  4 big kobolds
  A gnoll sergeant (D:6)
  Dowan (D:4)
  A draconian skeleton (Crypt:2)
  8 scorpions
  A cyclops skeleton (Crypt:1)
  19 killer bees (Lair:7)
  9 wights
  A polar bear skeleton (Crypt:1)
  4 electric eels
  A quasit (Abyss:2)
  3 centaur zombies
  5 crimson imps
  27 orc priests
  3 giant frog skeletons
  16 jellies
  37 orc wizards
  6 centaur skeletons
  12 hounds
  Natasha (thrice) (D:2)
  A killer bee zombie (Crypt:1)
  12 iguanas
  15 worker ants
  14 sheep
  A dwarf skeleton (Crypt:2)
  A demigod skeleton (Crypt:2)
  2 hound zombies
  3 hound skeletons
  5 mummies
  A worker ant zombie (D:7)
  7 gnolls
  17 adders
  30 river rats
  6 shadow imps
  An ufetubus (Abyss:2)
  An ooze (D:1)
  An adder skeleton (D:5)
  4 swamp drake simulacra (Swamp:4)
  An iguana skeleton (Crypt:2)
  4 worms
  7 giant geckos
  163 orcs
  4 ball pythons (Sewer)
  23 bats
  11 giant cockroaches
  6 hobgoblins
  35 jackals
  6 quokkas
  2 giant gecko skeletons
  10 giant newts
  7 goblins
  26 kobolds
  A quokka skeleton (D:5)
  A quokka zombie (D:7)
  66 rats
  A river rat skeleton (Crypt:2)
  2 crawling corpses (Elf:1)
  12 fungi
  16 plants
2417 creatures vanquished.

Vanquished Creatures (collateral kills)
  A greater naga (Snake:4)
  2 naga ritualists (Snake:4)
  2 black mambas
  A centaur (D:14)
  A fungus (Lair:6)
  A plant (Lair:6)
8 creatures vanquished.

Vanquished Creatures (others)
  A spriggan druid (Swamp:3)
  2 death scarabs (Tomb:1)
  A necromancer (Vaults:4)
  2 swamp dragons (Swamp:3)
  A naga ritualist (Snake:4)
  A black mamba (Snake:3)
  A spiny frog (Swamp:2)
  A merfolk (D:14)
  4 humans (D:15)
  2 insubstantial wisps (Swamp:3)
  A warg (Vaults:3)
  A swamp worm (Swamp:3)
  An ogre (Vaults:1)
  A brain worm (Abyss:2)
  A hound skeleton (D:9)
  A shadow imp (D:12)
  3 briar patches (Swamp:3)
  8 fungi
  6 lost souls
  8 plants
47 creatures vanquished.

Grand Total: 2472 creatures vanquished

Notes
Turn   | Place    | Note
--------------------------------------------------------------
     0 | D:1      | Adamkad1 the Formicid Fighter began the quest for the Orb.
     0 | D:1      | Reached XP level 1. HP: 18/18 MP: 1/1
   135 | D:1      | Reached XP level 2. HP: 22/24 MP: 2/2
   202 | D:1      | Reached skill level 4 in Shields
   422 | D:1      | Reached XP level 3. HP: 22/30 MP: 3/3
   799 | D:2      | Reached XP level 4. HP: 30/37 MP: 4/4
   976 | D:2      | Reached skill level 1 in Dodging
  1160 | D:2      | Noticed Natasha
  1180 | D:2      | Killed Natasha
  1180 | D:2      | Reached XP level 5. HP: 21/42 MP: 5/5
  1489 | D:2      | Noticed Natasha
  1498 | D:2      | Killed Natasha
  1872 | D:2      | Noticed Natasha
  1877 | D:2      | Killed Natasha
  2131 | D:2      | Found a deep blue altar of Sif Muna.
  2243 | D:3      | Reached skill level 5 in Shields
  2512 | D:3      | Reached XP level 6. HP: 48/48 MP: 6/6
  2636 | D:3      | Noticed Gaunah's ghost (amateur DEWz)
  2659 | D:3      | Killed Gaunah's ghost
  2970 | D:3      | Found an iron altar of Okawaru.
  3350 | D:3      | Became a worshipper of Warmaster Okawaru
  3606 | D:4      | Noticed Edmund
  3610 | D:4      | Reached XP level 7. HP: 48/55 MP: 7/7
  3624 | D:4      | Killed Edmund
  3880 | D:4      | Reached skill level 5 in Armour
  3920 | D:4      | Found a shimmering altar of Xom.
  4134 | D:4      | Noticed Sigmund
  4147 | D:4      | Killed Sigmund
  4193 | D:4      | Noticed Blork the orc
  4208 | D:4      | Killed Blork the orc
  4208 | D:4      | Reached piety under Okawaru
  4208 | D:4      | Reached skill level 6 in Shields
  4208 | D:4      | Reached XP level 8. HP: 43/61 MP: 8/8
  4340 | D:4      | Noticed Dowan
  4342 | D:4      | Noticed Duvessa
  4365 | D:4      | Killed Duvessa
  4383 | D:4      | Killed Dowan
  4383 | D:4      | Reached skill level 5 in Fighting
  5214 | D:5      | Entered Level 5 of the Dungeon
  5277 | D:5      | Reached skill level 5 in Axes
  5391 | D:5      | Found a snail-covered altar of Cheibriados.
  5600 | D:5      | Noticed Menkaure
  5609 | D:5      | Killed Menkaure
  5609 | D:5      | Reached XP level 9. HP: 6/69 MP: 9/9
  6015 | D:5      | Found a staircase to the Ecumenical Temple.
  6024 | Temple   | Entered the Ecumenical Temple
  6184 | D:5      | You fall through a shaft for 3 floors!
  6268 | D:8      | Reached skill level 7 in Shields
  6432 | D:7      | Gained mutation: Your body sometimes deteriorates upon taking damage. [potion of mutation]
  6432 | D:7      | Gained mutation: You are resistant to hostile enchantments. [potion of mutation]
  6432 | D:7      | Gained mutation: Armour fits poorly on your strangely shaped body. [potion of mutation]
  6634 | D:6      | Found a blossoming altar of Fedhas.
  7005 | D:6      | Found a glowing drain.
  7021 | Sewer    | Entered a sewer
  8010 | D:6      | Found a bloodstained altar of Trog.
  8324 | D:6      | Reached skill level 8 in Shields
  8446 | D:6      | Reached XP level 10. HP: 69/77 MP: 10/10
  9279 | D:7      | Reached skill level 1 in Stealth
  9755 | D:5      | Found a burning altar of Makhleb.
 10289 | D:8      | Got a dazzling leather armour
 10290 | D:8      | Identified the cursed +0 leather armour "Qercheso" {+Inv Stlth+} (You found it on level 8 of the Dungeon)
 10355 | D:8      | Found a staircase to the Lair.
 10383 | D:8      | Found a burning altar of Makhleb.
 10390 | D:8      | Reached skill level 9 in Shields
 10412 | D:8      | Noticed Prince Ribbit
 10860 | D:8      | Killed Prince Ribbit
 11076 | D:9      | Noticed Adamkad1's ghost (novice OgBe)
 11139 | D:9      | Killed Adamkad1's ghost
 11139 | D:9      | Reached skill level 5 in Dodging
 11525 | D:9      | Reached XP level 11. HP: 86/86 MP: 11/11
 11942 | D:9      | Reached skill level 10 in Shields
 11963 | D:9      | Found a glowing golden altar of the Shining One.
 11968 | D:9      | Found a basalt altar of Yredelemnul.
 11972 | D:9      | Noticed an angel
 11986 | D:9      | Noticed a profane servitor
 12253 | D:10     | Entered Level 10 of the Dungeon
 12293 | D:10     | Gained mutation: You are surrounded by a mild repulsion field (EV +2). [mutagenic meat]
 12294 | D:10     | Gained mutation: You are weak. (Str -2) [mutagenic meat]
 12295 | D:10     | Gained mutation: You have sharp fingernails. [mutagenic meat]
 12361 | D:10     | Noticed a hill giant
 12375 | D:10     | Killed a hill giant
 12483 | D:10     | Found a staircase to the Orcish Mines.
 12519 | D:10     | Found a roughly hewn altar of Beogh.
 12661 | D:10     | Gained mutation: You are highly resistant to hostile enchantments. [potion of mutation]
 12661 | D:10     | Gained mutation: You have a beak for a mouth. [potion of mutation]
 12661 | D:10     | Gained mutation: You are robust (+10% HP). [potion of mutation]
 13089 | D:10     | Reached **** piety under Okawaru
 13578 | D:11     | Reached skill level 11 in Shields
 13723 | D:11     | Noticed an unseen horror
 13736 | D:11     | Killed an unseen horror
 13815 | D:11     | Noticed a brown ugly thing
 13825 | D:11     | Killed a brown ugly thing
 13830 | D:11     | Lost mutation: You are weak. (Str -2) [mutagenic meat]
 14177 | D:11     | Reached skill level 10 in Axes
 14282 | D:11     | Noticed a hill giant
 14295 | D:11     | Killed a hill giant
 14295 | D:11     | Reached XP level 12. HP: 41/104 MP: 10/12
 15582 | D:12     | Received a gift from Okawaru
 16213 | D:12     | Found a glowing silver altar of Zin.
 16791 | D:13     | Upgraded the game from 0.17-a0-2030-g9ce824c to 0.17-a0-2058-g8b0eb12
 16801 | D:13     | Received a gift from Okawaru
 16980 | D:13     | Noticed Sonja
 17005 | D:13     | Killed Sonja
 17005 | D:13     | Reached skill level 12 in Shields
 17416 | D:13     | Gained mutation: You are very robust (+20% HP). [mutagenic meat]
 17417 | D:13     | Gained mutation: You are partially covered in large bone plates (AC +2, SH +2). [mutagenic meat]
 17418 | D:13     | Gained mutation: Your spells are a little easier to cast, but a little less powerful. [mutagenic meat]
 17419 | D:13     | Lost mutation: Your body sometimes deteriorates upon taking damage. [mutagenic meat]
 17420 | D:13     | Lost mutation: You are very robust (+20% HP). [mutagenic meat]
 17421 | D:13     | Gained mutation: You are dopey. (Int -2) [mutagenic meat]
 17455 | D:13     | Reached skill level 10 in Fighting
 17510 | D:13     | Noticed Josephine
 17516 | D:13     | Killed Josephine
 17522 | D:13     | Received a gift from Okawaru
 17541 | D:13     | Got a pair of crude boots {god gift}
 17548 | D:13     | Identified the +2 pair of boots of Okawaru's Delight {rF- MR+ Str+5} (Okawaru gifted it to you on level 13 of the Dungeon)
 17611 | D:13     | Found Siadd's Book Boutique.
 17950 | D:13     | Reached XP level 13. HP: 113/113 MP: 13/13
 17967 | D:14     | Reached skill level 10 in Armour
 18253 | D:14     | Found a gate to the Vaults.
 18267 | D:14     | Reached skill level 13 in Shields
 18283 | D:14     | Drew Focus: Str increased to 25, Dex decreased to 9
 18284 | D:14     | Hired Jorhujot the merfolk for 277 gold.
 18289 | D:14     | Drew Focus: Str increased to 26, Dex decreased to 8
 18308 | D:14     | Gained mutation: You regenerate slowly when monsters are visible. [mutagenic meat]
 18474 | D:14     | Your ally Jorhujot died
 19095 | D:15     | Entered Level 15 of the Dungeon
 19650 | D:15     | Noticed Kirke
 19680 | D:15     | Killed Kirke
 19680 | D:15     | Received a gift from Okawaru
 19702 | D:15     | Identified a +0 pair of boots of running (Okawaru gifted it to you on level 15 of the Dungeon)
 19785 | D:15     | Reached XP level 14. HP: 31/124 MP: 14/14
 20067 | D:15     | Reached skill level 14 in Shields
 20393 | D:15     | Noticed a great orb of eyes
 20397 | D:15     | Killed a great orb of eyes
 20681 | D:15     | Noticed a fire giant
 20689 | D:15     | Killed a fire giant
 20692 | D:15     | Found a staircase to the Depths.
 20749 | D:15     | Reached skill level 1 in Evocations
 21133 | D:15     | Noticed a yaktaur captain
 21143 | D:15     | Killed a yaktaur captain
 21595 | D:15     | Found a sacrificial altar of Ru.
 21893 | Lair:1   | Entered Level 1 of the Lair of Beasts
 22069 | Lair:1   | Received a gift from Okawaru
 22078 | Lair:1   | Identified a scroll of acquirement
 22086 | Lair:1   | Got a blackened ring mail {god gift}
 22097 | Lair:1   | Identified the +2 ring mail "Ciryasome" {MR+ Regen+} (Okawaru gifted it to you on level 1 of the Lair of Beasts)
 22155 | Lair:1   | Noticed Gastronok
 22173 | Lair:1   | Killed Gastronok
 22173 | Lair:1   | Reached skill level 1 in Invocations
 22449 | Lair:1   | Got a transparent blowgun
 22451 | Lair:1   | Identified the +5 blowgun "Dim Gao" {speed, rC+} (You found it on level 1 of the Lair of Beasts)
 22971 | Lair:2   | Found a labyrinth entrance.
 22980 | Lab      | Entered a labyrinth
 22981 | Lab      | Upgraded the game from 0.17-a0-2058-g8b0eb12 to 0.17-a0-2070-g2a5e0a8
 23165 | Lab      | Identified Osiceteg's Compendium of Stones
 23216 | Lair:2   | Reached skill level 15 in Shields
 23555 | Lair:2   | Reached XP level 15. HP: 134/134 MP: 15/15
 24175 | Lair:2   | Got a dazzling dagger
 24184 | Lair:2   | Identified the +7 dagger "Befoi" {distort, *Corrode rElec rN+ Str+3} (You found it on level 2 of the Lair of Beasts)
 24187 | Lair:2   | Cast into the Abyss (a distortion unwield)
 24518 | Abyss:2  | Gained mutation: Scrolls take you longer to read. [a neqoxec]
 24537 | Abyss:2  | Found a corrupted altar of Lugonu.
 24577 | Abyss:2  | Found a corrupted altar of Lugonu.
 24725 | Lair:2   | Escaped the Abyss
 25478 | Lair:3   | Noticed aves's ghost (journeyman VSFi)
 25484 | Lair:3   | Killed aves's ghost
 25484 | Lair:3   | Received a gift from Okawaru
 26314 | Lair:4   | Found a staircase to the Swamp.
 26317 | Lair:4   | Received a gift from Okawaru
 26328 | Lair:4   | Got a transparent war axe {god gift}
 26340 | Lair:4   | Identified the +8 war axe of Scorn {flame, +Rage MR+ Int-4} (Okawaru gifted it to you on level 4 of the Lair of Beasts)
 26641 | Lair:4   | Found a runed door.
 26714 | Lair:4   | Found a staircase to the Snake Pit.
 26864 | Lair:4   | Noticed Harold
 26877 | Lair:4   | Killed Harold
 27330 | Lair:4   | Identified Lee's Reference Book on Torrid Confrontation
 27537 | Lair:4   | Reached skill level 5 in Stealth
 27592 | Lair:4   | Received a gift from Okawaru
 27608 | Lair:4   | Got an encrusted chain mail {god gift}
 27631 | Lair:4   | Identified the +4 chain mail "Helin" {Int+4} (Okawaru gifted it to you on level 4 of the Lair of Beasts)
 28290 | Lair:5   | Lost mutation: Your spells are a little easier to cast, but a little less powerful. [potion of cure mutation]
 28290 | Lair:5   | Lost mutation: You are highly resistant to hostile enchantments. [potion of cure mutation]
 28290 | Lair:5   | Lost mutation: You are dopey. (Int -2) [potion of cure mutation]
 28290 | Lair:5   | Lost mutation: You are surrounded by a mild repulsion field (EV +2). [potion of cure mutation]
 28290 | Lair:5   | Lost mutation: Scrolls take you a little longer to read. [potion of cure mutation]
 28290 | Lair:5   | Lost mutation: Armour fits poorly on your strangely shaped body. [potion of cure mutation]
 28301 | Lair:5   | Reached XP level 16. HP: 138/144 MP: 16/16
 28326 | Lair:5   | Got a pair of polished gloves
 28339 | Lair:5   | Identified the +1 pair of gloves of the Morning {rF++ rN+} (You acquired it on level 5 of the Lair of Beasts)
 29476 | Lair:6   | Reached skill level 16 in Shields
 29680 | Lair:7   | Found a staircase to the Slime Pits.
 29680 | Lair:7   | Found a viscous altar of Jiyva.
 29789 | Lair:7   | Noticed Snorg
 29791 | Lair:7   | Reached skill level 15 in Axes
 29804 | Lair:7   | Killed Snorg
 30395 | Lair:7   | Received a gift from Okawaru
 30420 | Lair:7   | Got a pair of faintly glowing gloves {god gift}
 30431 | Lair:7   | Identified the +0 pair of gloves of the King {rC+} (Okawaru gifted it to you on level 7 of the Lair of Beasts)
 30576 | Lair:8   | Entered Level 8 of the Lair of Beasts
 30902 | Lair:8   | Reached ****** piety under Okawaru
 32600 | Snake:1  | Entered Level 1 of the Snake Pit
 32846 | Snake:1  | Noticed Aizul
 32868 | Snake:1  | Killed Aizul
 32868 | Snake:1  | Received a gift from Okawaru
 33495 | Snake:1  | Reached skill level 17 in Shields
 33518 | Snake:1  | Reached XP level 17. HP: 129/152 MP: 17/17
 34059 | Snake:2  | Found Vuag's Jewellery Shop.
 34130 | Snake:2  | Found Hadalug's Distillery.
 34142 | Snake:2  | Bought a potion of heal wounds for 70 gold pieces
 34142 | Snake:2  | Bought a potion of heal wounds for 70 gold pieces
 34203 | Snake:2  | Bought 2 potions of curing for 84 gold pieces
 34203 | Snake:2  | Bought a potion of curing for 42 gold pieces
 34203 | Snake:2  | Bought a potion of curing for 42 gold pieces
 34244 | Snake:2  | Found Jifrurch's Magic Scroll Shoppe.
 34259 | Snake:2  | Bought a scroll of identify for 34 gold pieces
 34949 | Snake:2  | Received a gift from Okawaru
 34977 | Snake:2  | Got a warped battleaxe {god gift}
 34982 | Snake:2  | Identified the +1 battleaxe of Ufrunana {antimagic, +Blink +Inv Dex-5} (Okawaru gifted it to you on level 2 of the Snake Pit)
 36184 | Snake:4  | Entered Level 4 of the Snake Pit
 36213 | Snake:4  | Received a gift from Okawaru
 36271 | Snake:4  | Noticed Norris
 36288 | Snake:4  | Killed Norris
 36288 | Snake:4  | Reached skill level 18 in Shields
 36541 | Snake:4  | Reached XP level 18. HP: 124/162 MP: 18/18
 36795 | Snake:4  | Reached skill level 15 in Fighting
 36921 | Snake:4  | Received a gift from Okawaru
 36977 | Snake:4  | Lost mutation: You are resistant to hostile enchantments. [mutagenic meat]
 36978 | Snake:4  | Gained mutation: You can spit weak poison. [mutagenic meat]
 36982 | Snake:4  | Lost mutation: You can spit weak poison. [mutagenic meat]
 36983 | Snake:4  | Gained mutation: You are clumsy. (Dex -2) [mutagenic meat]
 37379 | Snake:4  | Gained mutation: You are mostly covered in large bone plates (AC +3, SH +3). [potion of mutation]
 37379 | Snake:4  | Gained mutation: You are partially covered in rough black scales (AC +4, Dex -1). [potion of mutation]
 37379 | Snake:4  | Gained mutation: You possess an exceptional clarity of mind. [potion of mutation]
 37488 | Snake:4  | Got a serpentine rune of Zot
 37593 | Snake:4  | Reached skill level 10 in Stealth
 37688 | Snake:4  | Found Runen's Gadget Boutique.
 37971 | Snake:4  | Received a gift from Okawaru
 38086 | Snake:4  | Reached skill level 19 in Shields
 38628 | Snake:4  | Reached XP level 19. HP: 170/170 MP: 19/19
 39304 | Orc:1    | Entered Level 1 of the Orcish Mines
 39305 | Orc:1    | Noticed Erica
 39318 | Orc:1    | Killed Erica
 39364 | Orc:1    | You fall through a shaft!
 41052 | Orc:4    | Entered Level 4 of the Orcish Mines
 41171 | Orc:4    | Found Oluim's Gadget Boutique.
 41171 | Orc:4    | Found Unuirghi's Jewellery Boutique.
 41210 | Orc:4    | Found Ugerph's Magic Scroll Shoppe.
 41221 | Orc:4    | Found Vayrghi's Magic Scroll Shoppe.
 41242 | Orc:4    | Bought a scroll of enchant weapon for 112 gold pieces
 41242 | Orc:4    | Bought a scroll of enchant weapon for 112 gold pieces
 41242 | Orc:4    | Bought a scroll of enchant weapon for 112 gold pieces
 41245 | Orc:4    | Bought a scroll of enchant armour for 112 gold pieces
 41245 | Orc:4    | Bought a scroll of enchant armour for 112 gold pieces
 41253 | Orc:4    | Bought a scroll of enchant weapon for 112 gold pieces
 41253 | Orc:4    | Bought a scroll of enchant weapon for 112 gold pieces
 41253 | Orc:4    | Bought a scroll of recharging for 142 gold pieces
 41261 | Orc:4    | Bought a scroll of brand weapon for 300 gold pieces
 41475 | Orc:4    | Found a staircase to the Elven Halls.
 41967 | Elf:1    | Entered Level 1 of the Elven Halls
 42048 | Elf:1    | Received a gift from Okawaru
 42303 | Elf:1    | Found Ohiniwk's General Store.
 42505 | Elf:1    | Gained mutation: You do not regenerate naturally when monsters are visible. [potion of mutation]
 42657 | Elf:1    | Reached skill level 20 in Shields
 43206 | Elf:2    | Received a gift from Okawaru
 43459 | Elf:2    | Found a deep blue altar of Sif Muna.
 43557 | Elf:2    | Found Rocoim's Weapon Shoppe.
 43688 | Elf:2    | Found a huge runed gate.
 43688 | Elf:2    | Found a huge runed gate.
 43688 | Elf:2    | Found a huge runed gate.
 43688 | Elf:2    | Found a huge runed gate.
 43688 | Elf:2    | Found a huge runed gate.
 43716 | Elf:2    | Reached XP level 20. HP: 154/180 MP: 20/20
 45169 | D:10     | Upgraded the game from 0.17-a0-2070-g2a5e0a8 to 0.17-a0-2074-gaf3f87d
 45287 | Swamp:1  | Entered Level 1 of the Swamp
 46364 | Swamp:2  | Received a gift from Okawaru
 48006 | Swamp:4  | Entered Level 4 of the Swamp
 48048 | Swamp:4  | Reached skill level 21 in Shields
 49314 | Swamp:4  | Got a decaying rune of Zot
 50651 | Snake:3  | Received a gift from Okawaru
 51198 | Vaults:1 | Entered Level 1 of the Vaults
 51211 | Vaults:1 | Reached XP level 21. HP: 190/190 MP: 16/22
 52089 | Vaults:1 | Lost mutation: You are robust (+10% HP). [mutagenic meat]
 52090 | Vaults:1 | Gained mutation: You can spit weak poison. [mutagenic meat]
 52091 | Vaults:1 | Gained mutation: You can spit poison. [mutagenic meat]
 52093 | Vaults:1 | Gained mutation: You are frail (-10% HP). [mutagenic meat]
 52095 | Vaults:1 | Gained mutation: You are resistant to electric shocks. [mutagenic meat]
 52884 | Vaults:1 | Lost mutation: You are clumsy. (Dex -2) [potion of beneficial mutation]
 52902 | Vaults:1 | Reached skill level 15 in Armour
 53031 | Vaults:1 | Received a gift from Okawaru
 53211 | Vaults:1 | Lost mutation: You can spit poison. [mutagenic meat]
 53821 | Vaults:2 | Reached skill level 22 in Shields
 53840 | Vaults:2 | Lost mutation: You are partially covered in rough black scales (AC +4, Dex -1). [mutagenic meat]
 53841 | Vaults:2 | Lost mutation: You are resistant to electric shocks. [mutagenic meat]
 53843 | Vaults:2 | Gained mutation: Your skin changes colour to match your surroundings (Stealth). [mutagenic meat]
 53850 | Vaults:2 | Lost mutation: You possess an exceptional clarity of mind. [mutagenic meat]
 53851 | Vaults:2 | Lost mutation: You are frail (-10% HP). [mutagenic meat]
 53912 | Vaults:2 | Noticed Saint Roka
 53933 | Vaults:2 | Killed Saint Roka
 54199 | Vaults:2 | Reached XP level 22. HP: 182/182 MP: 23/23
 54248 | Vaults:2 | Received a gift from Okawaru
 54293 | Vaults:2 | Gained mutation: You have very sharp fingernails. [mutagenic meat]
 54295 | Vaults:2 | Lost mutation: You can spit weak poison. [mutagenic meat]
 54296 | Vaults:2 | Lost mutation: You are mostly covered in large bone plates (AC +3, SH +3). [mutagenic meat]
 54391 | Vaults:2 | Received a gift from Okawaru
 55278 | Vaults:3 | Found a staircase to the Crypt.
 55337 | Vaults:3 | Received a gift from Okawaru
 55723 | Vaults:3 | Gained mutation: You are robust (+10% HP). [mutagenic meat]
 55725 | Vaults:3 | Lost mutation: Your skin changes colour to match your surroundings (Stealth). [mutagenic meat]
 55726 | Vaults:3 | Gained mutation: Armour fits poorly on your strangely shaped body. [mutagenic meat]
 56084 | Vaults:3 | Reached XP level 23. HP: 208/210 MP: 18/24
 56793 | Vaults:4 | Received a gift from Okawaru
 56801 | Vaults:4 | Gained mutation: You expend magic power (3 MP) to strengthen your wands. [mutagenic meat]
 56802 | Vaults:4 | Lost mutation: You have very sharp fingernails. [mutagenic meat]
 56804 | Vaults:4 | Gained mutation: Your flesh is cold resistant. [mutagenic meat]
 56809 | Vaults:4 | Upgraded the game from 0.17-a0-2074-gaf3f87d to 0.17-a0-2099-g910b1c6
 56860 | Vaults:4 | Noticed Xtahua
 56879 | Vaults:4 | Killed Xtahua
 56905 | Vaults:4 | Reached skill level 23 in Shields
 57391 | Vaults:4 | Found Genyo's Antique Armour Shoppe.
 58243 | Vaults:5 | Entered Level 5 of the Vaults
 58289 | Vaults:5 | Noticed an ancient lich
 58299 | Vaults:4 | Received a gift from Okawaru
 58337 | Vaults:4 | Got a twisted war axe {god gift}
 58340 | Vaults:4 | Identified the +3 war axe of Bosatsy {speed, rC+ Str-3 Dex+4 SInv} (Okawaru gifted it to you on level 4 of the Vaults)
 58467 | Vaults:4 | Drew Focus: Str increased to 30, Dex decreased to 8
 58641 | Vaults:4 | Reached XP level 24. HP: 209/221 MP: 23/24
 59335 | Vaults:5 | Gained mutation: You are dopey. (Int -2) [a neqoxec]
 59349 | Vaults:4 | Received a gift from Okawaru
 60122 | Slime:1  | Entered Level 1 of the Pits of Slime
 60943 | Crypt:1  | Entered Level 1 of the Crypt
 60958 | Vaults:3 | Got a warped plate armour {god gift}
 60961 | Vaults:3 | Identified the +1 plate armour of True Grit {Regen+ Dex+6} (Okawaru gifted it to you on level 3 of the Vaults)
 61106 | Vaults:5 | Killed an ancient lich
 61451 | Vaults:4 | Upgraded the game from 0.17-a0-2099-g910b1c6 to 0.17-a0-2108-g65e8068
 62000 | Temple   | Fell from the grace of Okawaru
 62000 | Temple   | Became a worshipper of Zin the Law-Giver
 62000 | Temple   | Reached * piety under Zin
 62000 | Temple   | Reached ** piety under Zin
 62127 | D:9      | Fell from the grace of Zin
 62127 | D:9      | Became a worshipper of the Shining One
 62127 | D:9      | Reached * piety under the Shining One
 62469 | Vaults:3 | Reached ** piety under the Shining One
 62685 | Crypt:1  | Noticed Wiglaf
 62703 | Crypt:1  | Killed Wiglaf
 62807 | Crypt:1  | Reached *** piety under the Shining One
 63061 | Crypt:1  | Reached **** piety under the Shining One
 63898 | Crypt:2  | Reached ***** piety under the Shining One
 64014 | Crypt:2  | Noticed a greater mummy
 64015 | Crypt:2  | Noticed Khufu
 64282 | Crypt:2  | Killed Khufu
 64282 | Crypt:2  | Reached skill level 24 in Shields
 64283 | Crypt:2  | Noticed a greater mummy
 64290 | Crypt:2  | Killed a greater mummy
 64290 | Crypt:2  | Reached XP level 25. HP: 169/228 MP: 19/25
 64402 | Crypt:2  | Killed a greater mummy
 65249 | Vaults:2 | HP: 11/231 [titan/the air[the fury of Okawaru] (26)]
 65253 | Vaults:2 | The Shining One protects you from harm!
 65255 | Vaults:2 | The Shining One protects you from harm!
 65259 | Vaults:2 | You fall through a shaft for 2 floors!
 67069 | Snake:2  | Bought a scroll of holy word for 127 gold pieces
 67069 | Snake:2  | Bought a scroll of acquirement for 884 gold pieces
 67699 | Orc:4    | Bought the ring "Riures" {Fire rElec Int+3} for 724 gold pieces
 68831 | Crypt:2  | Got a scintillating silver amulet
 68926 | Crypt:3  | Entered Level 3 of the Crypt
 68931 | Crypt:3  | Reached ****** piety under the Shining One
 69094 | Crypt:3  | Reached skill level 5 in Invocations
 69462 | Crypt:3  | Found a shimmering altar of Xom.
 69462 | Crypt:3  | Noticed an ancient lich
 69467 | Crypt:3  | Killed an ancient lich
 69953 | Crypt:3  | Lost mutation: Your flesh is cold resistant. [potion of mutation]
 69983 | Crypt:3  | Found a staircase to the Tomb.
 70092 | Crypt:3  | Identified the amulet "Kouhim" {rCorr rElec} (You found it on level 2 of the Crypt)
 70105 | Tomb:1   | Entered Level 1 of the Tomb of the Ancients
 70266 | Tomb:1   | Noticed a greater mummy
 70294 | Tomb:1   | HP: 11/232 [spectral wolf spider[a greater mummy] (10)]
 71173 | Crypt:3  | Reached XP level 26. HP: 161/239 MP: 28/28
 72250 | Lair:1   | Identified a +6 executioner's axe of holy wrath (a +4 executioner's axe of venom blessed by the Shining One)
 72250 | Lair:1   | Received a gift from the Shining One
 72520 | Slime:2  | Gained mutation: Your spells are a little easier to cast, but a little less powerful. [a shining eye]
 72522 | Slime:2  | Gained mutation: Your magical capacity is low (-10% MP). [a shining eye]
 72523 | Slime:2  | Gained mutation: You are very dopey. (Int -4) [a shining eye]
 73054 | Slime:6  | Entered Level 6 of the Pits of Slime
 73589 | Slime:6  | Gained mutation: Your spells are easier to cast, but less powerful. [a shining eye]
 73707 | Slime:5  | Was forgiven by Okawaru
 74285 | Slime:6  | Noticed the royal jelly
 74310 | Slime:5  | HP: 12/240 [acid[the royal jelly] (7)]
 74310 | Slime:5  | HP: 3/240 [azure jelly[the royal jelly] (4)]
 74310 | Slime:5  | Mangled by an azure jelly

Vault maps used:
D:1:      lemuel_arrival_rhombus, minmay_quantized
D:2:      nicolae_overflow_hidden_temple, first_bread, uniq_natasha
D:3:      lemuel_doored_altar, minmay_rats_cheesy_pizza
D:4:      lemuel_statue_altar, uniq_duvessa, uniq_edmund, uniq_sigmund,
          uniq_blork_the_orc
D:5:      lemuel_crystal_altar, cheibrodos_worm_habitat,
          minmay_temple_entry_junction, serial_glass, glass_columns_a,
          glass_columns_a, minmay_strange_pillars, feat_on_display,
          uniq_menkaure
D:6:      fedhas_bush_and_centaur_altar, portal_sewer_entry_d,
          trog_butcher_becter
D:8:      grunt_lair_entry_elf_guard_hut, basic_altar, uniq_prince_ribbit1
D:9:      grunt_temple_overflow_holy_war, columned_hall_lemuel, grunt_ogre_cave,
          minivault_24
D:10:     minmay_orc_entry_temple_small
D:12:     basic_altar
D:13:     serial_shops, nicolae_shop_crystal, hangedman_abyss_or_decor_clamps,
          kennysheep_crisscross, uniq_sonja, uniq_josephine
D:14:     david_vaults_1, kennysheep_cross_room
D:15:     grunt_enter_depths_giant_problem, nicolae_ru_path_of_blood,
          minivault_28, uniq_kirke
Temple:   temple_eino_lava_12
Lair:1:   uniq_gastronok
Lair:2:   minmay_lair_oklob_items, lab_entry_generic, beast_lair_carwin_7,
          grunt_megastairs_3, serial_bayou_shore_a, infiniplex_staircase_pool_2,
          lemuel_fruit_tree
Lair:3:   nicolae_quartered_pool_super
Lair:4:   minmay_swamp_entry_reptiles, dummy_snake_entry, pf_torpor_hydra,
          uniq_harold
Lair:7:   slime_altar_1, special_room, st_stairs_8, uniq_snorg
Lair:8:   due_jungle_book
Swamp:1:  evilmike_swamp_ruin_rubble_2, nicolae_swamp_oklob_treasure_island
Swamp:2:  hangedman_swamp_ruin_wall
Swamp:3:  hangedman_swamp_lotus, swamp_pool1
Swamp:4:  swamp_icy
Snake:1:  special_room, serial_bayou_lagoon_a, uniq_aizul
Snake:2:  onia_ninara_swampy_vault, serial_shops, shop,
          nicolae_shop_statue_plus, shop
Snake:3:  stair_cage_line, nicolae_snake_squiggles
Snake:4:  grunt_snake_rune_serpentine_throne, serial_shops,
          nicolae_shop_behind_doors, uniq_norris
Slime:5:  uniq_dissolution
Orc:1:    nicolae_orc_tapped_out, uniq_erica
Orc:3:    nicolae_orc_pool_cavern
Orc:4:    st_orc_elflike
Elf:1:    serial_shops, nicolae_shop_crystal, hangedman_elf_disciples
Elf:2:    serial_shops, shop, basic_altar, lemuel_elevator
Vaults:1: v_misc_16, hangedman_vaults_nodes, v_misc_3, v_alt_pattern_5,
          nicolae_vaults_halls_meeting, hangedman_vaults_restitches,
          nicolae_vaults_big_angled_halls, v_misc_17, ontoclasm_vaults_ligature,
          nicolae_vaults_angled_halls, vaults_standard_mumra_x,
          vaults_mumra_minichess_inversion
Vaults:2: hangedman_vaults_slither, ontoclasm_vaults_ring_square,
          nicolae_vaults_little_squares_6, vaults_room_octagon,
          st_smaller_cells, hangedman_vaults_snaps,
          nicolae_vaults_diagonal_hallway_7, nicolae_vaults_yaktaur_gun_rack,
          uniq_saint_roka
Vaults:3: minmay_crypt_entry_simple_corners, v_misc_27, v_rooms_5, v_misc_26,
          v_alt_pattern_6, grunt_vaults_twisty, st_greater_box_1,
          ontoclasm_vaults_tryst, ontoclasm_vaults_claustrophobia,
          hangedman_vaults_impose, vaults_dpeg_hooks,
          ontoclasm_vaults_loading_screen
Vaults:4: v_misc_11, vaults_mumra_hexcomb,
          nicolae_vaults_windows_and_doors_thing, ontoclasm_vaults_pinch,
          nicolae_vaults_stairing_the_circle, hangedman_vaults_hat,
          nicolae_vaults_ring_of_whatevers, v_misc_5,
          nicolae_vaults_ring_of_whatevers, nicolae_vaults_diagonal_hallway_6,
          serial_shops, shop, uniq_xtahua
Vaults:5: serial_shops
Crypt:1:  evilmike_ambush, grunt_crypt_arrival_webbed, uniq_wiglaf
Crypt:2:  lemuel_upstairs_altar, uniq_khufu
Crypt:3:  cryptofortress_bobbens
Abyss:2:  evilmike_abyss_exit_chaos, hangedman_stitches_earthworm
Lab:      lab_hedge, nicolae_lab_dead_end, nicolae_lab_grate_2
Sewer:    sewer_minmay_treatment

Action                   |  1- 3 |  4- 6 |  7- 9 | 10-12 | 13-15 | 16-18 | 19-21 | 22-24 | 25-27 || total
-------------------------+-------+-------+-------+-------+-------+-------+-------+-------+-------++-------
Melee: War axe           |    85 |   276 |   478 |   672 |   149 |   939 |   225 |       |       ||  2824
       Long sword        |       |       |    35 |       |       |       |       |       |       ||    35
       Executioner's axe |       |       |       |   116 |   587 |       |       |   190 |   760 ||  1653
       Broad axe         |       |       |       |       |    27 |    63 |  1566 |  1082 |       ||  2738
Invok: Heroism           |       |       |     1 |     5 |     5 |     3 |     3 |     1 |       ||    18
       Divine Shield     |       |       |       |       |       |       |       |     3 |     2 ||     5
       Brand Weapon With |       |       |       |       |       |       |       |       |     1 ||     1
 Abil: Dig               |       |     1 |       |       |     1 |     1 |     5 |       |     4 ||    12
       Evoke Flight      |       |       |       |       |       |       |     1 |       |       ||     1
       Shaft Self        |       |       |       |       |       |       |       |       |     1 ||     1
Evoke: Deck              |       |       |       |     2 |     8 |     8 |       |    11 |       ||    29
       Wand              |       |       |       |       |     9 |     9 |    18 |       |     5 ||    41
  Use: Potion            |       |     5 |     5 |     6 |    21 |    14 |     5 |       |     9 ||    65
       Scroll            |       |       |    11 |    15 |    19 |    14 |    15 |    10 |     4 ||    88
 Stab: Invisible         |       |       |       |       |     3 |     3 |       |       |       ||     6
       Paralysed         |       |       |       |       |     1 |       |       |       |       ||     1
  Eat: Chunk             |       |     9 |    17 |    36 |    21 |    22 |    48 |    31 |    10 ||   194
       Bread ration      |       |       |     1 |     1 |     3 |     4 |     3 |       |       ||    12
       Beef jerky        |       |       |       |     1 |       |       |     9 |     8 |     3 ||    21
       Fruit             |       |       |       |       |     3 |     4 |     9 |     6 |     2 ||    24
       Royal jelly       |       |       |       |       |       |     1 |       |       |     3 ||     4
       Pizza             |       |       |       |       |       |       |     2 |       |     6 ||     8
